 Dungeon Crawl Stone Soup version bcrawl-1.21.3 (webtiles) character file.

Game seed: 9162666079665746078

3395 funkygono the Thaumaturge (level 10, -1/58 HPs)
             Began as a Fairy Conjurer on Mar 31, 2020.
             Was a Priest of Fedhas.
             Killed by divine providence
             ... invoked by an orc priest
              (15 damage)
             ... on level 8 of the Dungeon on Apr 1, 2020.
             The game lasted 00:24:34 (7395 turns).

funkygono the Thaumaturge (Fairy Conjurer)          Turns: 7395, Time: 00:24:35

Health: -1/58      AC:  7    Str:  9    XL:     10   Next: 4%
Magic:  24/26      EV: 19    Int: 22    God:    Fedhas [***...]
Gold:   631        SH:  8    Dex: 13    Spells: 21/30 levels left

rFire    . . .     SeeInvis .   c - +1 dagger (venom)
rCold    . . .     Gourm    .   (shield restricted)
rNeg     . . .     Faith    .   (armour unavailable)
rPois    .         Spirit   .   (no helmet)
rElec    .         Reflect  +   (no cloak)
rCorr    .         Harm     .   (no gloves)
MR       ++...                  B - +0 pair of boots
Stlth    +.........             d - +2 amulet of reflection
HPRegen  0.19/turn              m - ring of protection from magic
MPRegen  0.20/turn              G - +3 ring of strength

@: flying evasively
A: small, magic attunement, unstealthy, unfitting armour, able to fly, AC/SH +6
a: Stop Flying, Fungal Bloom, Sunlight, Evolution, Growth, Renounce Religion


You were on level 8 of the Dungeon.
You worshipped Fedhas.
Fedhas was most pleased with you.
You were not hungry.

You visited 2 branches of the dungeon, and saw 9 of its levels.
You also visited: Sewer and Ossuary.

You collected 631 gold pieces.

Inventory:

Hand Weapons
 c - a +1 dagger of venom (weapon)
Missiles
 g - 1339 stones (quivered)
 t - a throwing net {!f}
Armour
 B - a +0 pair of boots (worn)
Jewellery
 a - a +3 ring of slaying
 d - a +2 amulet of reflection (around neck)
 f - a +6 ring of dexterity
 m - a ring of protection from magic (left hand)
 x - an uncursed ring of resist corrosion
 G - a +3 ring of strength (right hand)
 H - an uncursed ring of protection from cold
Wands
 y - a wand of acid (7)
 C - a wand of random effects (9)
Scrolls
 i - a scroll of identify
 j - 5 scrolls of remove curse
 k - 3 scrolls of fog
 l - 2 scrolls of fear
 p - 3 scrolls of teleportation
 w - 3 scrolls of magic mapping
 A - a scroll of amnesia
 E - 2 scrolls of immolation
Potions
 b - a potion of magic
 h - 2 potions of lignification
 n - a potion of heal wounds
 o - 7 potions of flight
 q - a potion of might
 r - 5 potions of mutation
 s - 2 potions of invisibility
 u - a potion of brilliance
 v - a potion of curing
 z - 2 potions of ambrosia
 F - a potion of haste
Comestibles
 e - 17 rations {!d}
 D - 16 chunks of flesh


   Skills:
 + Level 1.3 Fighting
 + Level 0.7 Short Blades
 + Level 5.3 Dodging
 + Level 3.1 Stealth
 + Level 10.9 Spellcasting
 + Level 10.5 Conjurations
 + Level 4.7 Summonings
 + Level 0.2 Invocations


You had 21 spell levels left.
You knew the following spells:

 Your Spells              Type           Power        Failure   Level  Hunger
a - Magic Dart            Conj           ####         1%          1    None
b - Searing Ray           Conj           ######..     1%          2    None
c - Iskenderun's Mystic   Conj           ######..     1%          3    None
d - Call Canine Familiar  Summ           ####....     2%          3    None

Your spell library contained the following spells:

 Spells                   Type           Power        Failure   Level  Hunger
 Summon Small Mammal      Summ           ####         1%          1    None
 Call Imp                 Summ           ####..       1%          2    None
 Fulminant Prism          Conj/Hex       #####.....   6%          4    None
 Irradiate                Conj/Tmut      #####.....   17%         5    None
 Summon Ice Beast         Ice/Summ       ###.....     21%         4    None
 Summon Lightning Spire   Summ/Air       ###.....     50%         5    None


Dungeon Overview and Level Annotations

Branches:
Dungeon (8/12)             Temple (1/1) D:7
   Lair: D:7-9          Orc: D:8-11

Altars:
Cheibriados
Dithmenos
Elyvilon
Fedhas
Gozag
Kikubaaqudgha
Lugonu
Makhleb
Okawaru
Qazlal
Ru
Trog
Vehumet
Xom
Yredelemnul
Zin
The Shining One

Annotations:
D:8 2 transporters, aspa's ghost, novice OpWz


Innate Abilities, Weirdness & Mutations

Your spells do not cause hunger and MP costs are reduced by 1.
Your bright wings attract enemies. (Stealth-)
You cannot fit into any form of body armour.
Your shimmering scales are hard and can block incoming attacks. (AC +6, SH +6)
You are small and have problems with some larger weapons.
You can fly continuously.


Message History

Casting: Call Canine Familiar (safe; 2% risk of failure)
Confirm with . or Enter, or press ? or * to list all spells.
Aiming: Searing Ray (safe; 1% risk of failure)
Press: ? - help, Shift-Dir - straight line, f - orc priest
Aim: an orc priest, wielding a +0 hand axe (heavily wounded) Really fire in your hound's direction?
Okay, then.
Your hound closely misses the orc priest.
The orc priest mumbles some strange prayers to Beogh against you.
Beogh smites you!
* * * LOW HITPOINT WARNING * * *
Your hound barely misses the orc priest.
Your hound barely misses the orc priest.
The orc priest invokes the aid of Beogh against you.
Your hound writhes in agony!
Your hound misses the orc priest.
Your hound barely misses the orc priest.
The orc priest invokes the aid of Beogh against you.
Beogh smites you!
You die...
Fedhas appreciates your contribution to the ecosystem.

#.............
#####......######
#.........######
#........).....##
#..>...........>#
######..........#
#...######.# #####
#.# ####### #@# #
#.....# #.# #.
#.....# #.#
###.##.....# #.#
.#.........# #.#
.... #.....# #h#
.o..##.....#####o#
.)..#....)##.o..o#
#).#..##)##o#####


You could see an orc priest, an orc wizard and a friendly hound.

Vanquished Creatures
  A two-headed ogre (D:8)
  A troll (D:7)
  Prince Ribbit (D:7)
  A spriggan (D:7)
  2 hungry ghosts (D:7)
  Duvessa (D:4)
  A wandering mushroom (D:8)
  An orc warrior (D:5)
  An ice beast (D:6)
  A necrophage (D:6)
  2 ogres
  3 centaurs
  2 bullfrogs
  2 scorpions (D:4)
  A water moccasin skeleton (D:6)
  Dowan (D:4)
  A wight (D:3)
  A howler monkey (D:6)
  A crimson imp (D:4)
  A quasit (D:7)
  3 orc priests
  A human zombie (Ossuary)
  2 jellies (D:2)
  3 centaur skeletons
  2 orc wizards (D:8)
  An iguana (D:7)
  2 merfolk sirens (Sewer)
  A merfolk avatar (Sewer)
  2 mummies (Ossuary)
  6 adders
  3 river rats (Sewer)
  A shadow imp (D:5)
  10 oozes
  An adder zombie (D:6)
  2 adder skeletons
  4 worms
  A dart slug (D:2)
  9 leopard geckos
  13 orcs
  5 bats
  7 giant cockroaches
  4 goblins
  8 hobgoblins
  8 jackals
  21 kobolds
  2 quokkas
  7 ball pythons
  7 frilled lizards
  A goblin zombie (Ossuary)
  A hobgoblin zombie (Ossuary)
  A jackal skeleton (D:4)
  A kobold zombie (Ossuary)
  31 rats
197 creatures vanquished.

Vanquished Creatures (collateral kills)
  A warg (D:8)
  An ogre (D:5)
  A bullfrog zombie (D:5)
  A centaur zombie (D:5)
  An orc wizard (D:8)
  3 worker ants
  2 mummies (Ossuary)
  An adder (D:8)
  A leopard gecko (D:5)
  An orc (D:8)
  3 gnoll zombies (Ossuary)
  A hobgoblin zombie (Ossuary)
  A quokka skeleton (D:4)
18 creatures vanquished.

Vanquished Creatures (others)
  2 centaurs
  3 fungi (D:2)
  21 toadstools
26 creatures vanquished.

Grand Total: 241 creatures vanquished

Notes
Turn   | Place    | Note
-------+----------+-------------------------------------------
     0 | D:1      | funkygono the Fairy Conjurer began the quest for the Orb.
     0 | D:1      | Reached XP level 1. HP: 11/11 MP: 6/6
    49 | D:1      | Reached skill level 5 in Conjurations
   130 | D:1      | Reached XP level 2. HP: 17/17 MP: 7/7
   137 | D:1      | Learned a level 2 spell: Searing Ray
   321 | D:1      | Reached XP level 3. HP: 21/21 MP: 9/9
   503 | D:1      | Learned a level 3 spell: Iskenderun's Mystic Blast
  1144 | D:2      | Reached XP level 4. HP: 27/27 MP: 7/10
  1201 | D:2      | Found a faded altar of an unknown god.
  1441 | D:2      | Reached XP level 5. HP: 17/31 MP: 5/12
  1819 | D:3      | Reached XP level 6. HP: 37/37 MP: 12/14
  1919 | D:3      | Found a glowing drain.
  1928 | Sewer    | Entered a sewer
  2100 | Sewer    | Reached skill level 5 in Spellcasting
  2918 | D:3      | Found a blossoming altar of Fedhas.
  2925 | D:3      | Reached XP level 7. HP: 42/42 MP: 15/17
  2931 | D:3      | Became a worshipper of Fedhas Madash
  3178 | D:4      | Noticed Dowan
  3181 | D:4      | Noticed Duvessa
  3185 | D:4      | Killed Dowan
  3194 | D:4      | Killed Duvessa
  4032 | D:4      | Learned a level 3 spell: Call Canine Familiar
  4101 | D:4      | Reached XP level 8. HP: 32/47 MP: 7/20
  4427 | D:5      | Entered Level 5 of the Dungeon
  4787 | D:5      | Reached skill level 1 in Summonings
  4991 | D:6      | Reached * piety under Fedhas
  5030 | D:6      | Found an iron altar of Okawaru.
  5612 | D:6      | Reached skill level 1 in Fighting
  5612 | D:6      | Reached XP level 9. HP: 19/53 MP: 16/23
  5876 | D:7      | Found a staircase to the Ecumenical Temple.
  5884 | Temple   | Entered the Ecumenical Temple
  6010 | D:7      | Noticed a troll
  6032 | D:7      | Killed a troll
  6032 | D:7      | Reached ** piety under Fedhas
  6032 | D:7      | Reached skill level 10 in Conjurations
  6218 | D:7      | Reached skill level 5 in Dodging
  6385 | D:7      | Noticed Prince Ribbit
  6395 | D:7      | Killed Prince Ribbit
  6438 | D:7      | Reached skill level 10 in Spellcasting
  6465 | D:7      | Found a sand-covered staircase.
  6476 | Ossuary  | Entered an ossuary
  7179 | D:8      | Found a transporter.
  7189 | D:8      | Noticed aspa's ghost (novice OpWz)
  7201 | D:8      | Found a bloodstained altar of Trog.
  7206 | D:8      | Found a transporter.
  7323 | D:8      | Noticed a two-headed ogre
  7328 | D:8      | Killed a two-headed ogre
  7328 | D:8      | Reached *** piety under Fedhas
  7341 | D:8      | Reached XP level 10. HP: 48/58 MP: 24/26
  7395 | D:8      | Killed from afar by an orc priest

Skill      XL: |  1  2  3  4  5  6  7  8  9 |
---------------+----------------------------+-----
Conjurations   | 5 6 7 8 9 10 | 10.5
Spellcasting   | 3 4 5 6 8 10 | 10.9
Dodging        | 3 4 5 |  5.3
Stealth        | 2 3 |  3.1
Summonings     | 1 4 |  4.7
Fighting       | 1 |  1.3
Short Blades   | |  0.7
Invocations    | |  0.2

Action                   |  1- 3 |  4- 6 |  7- 9 | 10-12 || total
-------------------------+-------+-------+-------+-------++-------
Melee: Dagger            |     6 |     1 |     6 |       ||    13
 Cast: Magic Dart        |    71 |   128 |   143 |     2 ||   344
       Searing Ray       |     2 |    11 |    29 |     1 ||    43
       Iskenderun's Myst |       |    10 |     8 |       ||    18
       Call Canine Famil |       |       |    22 |     1 ||    23
Invok: Fungal Bloom      |       |       |    14 |       ||    14
       Sunlight          |       |       |     1 |       ||     1
       Evolution         |       |       |     1 |       ||     1
  Use: Scroll            |     2 |     4 |    13 |       ||    19
       Potion            |       |       |       |     1 ||     1
  Eat: Chunk             |     1 |     1 |     5 |       ||     7
       Ration            |       |     1 |     3 |       ||     4
Armor: Skin              |     2 |     3 |     8 |     1 ||    14
Dodge: Dodged            |    32 |    30 |    74 |     1 ||   137
Block: Other             |     9 |    15 |    37 |     3 ||    64
       Reflection        |     1 |     3 |     4 |     3 ||    11
